 Dungeon Crawl Stone Soup version 0.29-a0-340-g6efceafd81 (webtiles) character file.

Game seed: 9328626677958226226

282 Oblizorion the Covered (level 6, -2/56 HPs)
             Began as a Hill Orc Fighter on Apr 19, 2022.
             Slain by Edmund
             ... wielding a +2 flail of protection
              (5 damage)
             ... on level 4 of the Dungeon.
             The game lasted 00:10:05 (3746 turns).

Oblizorion the Covered (Hill Orc Fighter)           Turns: 3746, Time: 00:10:05

Health: -2/56      AC: 11    Str: 19    XL:     6   Next: 28%
Magic:  6/6        EV:  9    Int:  8    God:
Gold:   187        SH:  5    Dex: 12    Spells: 5/5 levels left

rFire   . . .      SeeInvis .   a - +2 hand axe (flame)
rCold   . . .      Faith    .   c - +0 buckler
rNeg    . . .      Spirit   .   b - +0 scale mail
rPois   .          Reflect  .   B - +0 helmet
rElec   .          Harm     .   o - +0 cloak
rCorr   .          Rampage  .   (no gloves)
Will    .....                   v - +0 pair of boots
Stlth   ..........              y - amulet of magic regeneration
HPRegen 0.18/turn               (no ring)
MPRegen 0.50/turn               (no ring)

@: no status effects
A: no striking features
a: no special abilities


You were on level 4 of the Dungeon.
You visited 1 branch of the dungeon, and saw 4 of its levels.

You collected 187 gold pieces.

Inventory:

Hand Weapons
 a - a +2 hand axe of flaming (weapon)
 w - a +2 vorpal spear
Missiles
 f - 5 poisoned darts (quivered)
Armour
 b - a +0 scale mail (worn)
 c - a +0 buckler (worn)
 o - a +0 cloak (worn)
 v - a +0 pair of boots (worn)
 B - a +0 helmet (worn)
Jewellery
 y - an amulet of magic regeneration (around neck)
Scrolls
 j - 2 scrolls of blinking
 k - 2 scrolls of silence {unknown}
 l - a scroll of enchant armour {unknown}
 n - 3 scrolls of enchant weapon {unknown}
 p - 2 scrolls of noise {unknown}
 r - a scroll of amnesia {unknown}
 t - a scroll of identify {unknown}
 u - 2 scrolls of teleportation {unknown}
 x - a scroll of fear {unknown}
 z - a scroll of acquirement {unknown}
 A - a scroll of vulnerability {unknown}
Potions
 d - 5 potions of might
 e - 2 potions of haste {unknown}
 g - 2 potions of curing {unknown}
 h - a potion of cancellation {unknown}
 i - a potion of ambrosia {unknown}
 m - a potion of brilliance {unknown}
 q - 2 potions of heal wounds {unknown}
 s - a potion of mutation {unknown}
 C - a potion of invisibility {unknown}


   Skills:
 + Level 5.1 Fighting
 + Level 4.4 Axes
 + Level 5.2 Armour
 + Level 0.6 Dodging
 + Level 0.1 Stealth
 + Level 4.1 Shields


You had 5 spell levels left.
You didn't know any spells.
Your spell library was empty.

Dungeon Overview and Level Annotations

Branches:
Dungeon (4/15)
 Temple: D:4-7

Altars:
Trog

Annotations:
D:4 Edmund


Message History

Edmund is lightly wounded.
Edmund hits you but does no damage.
You barely miss Edmund.
Edmund is lightly wounded.
Edmund hits you but does no damage.
You closely miss Edmund.
Edmund is lightly wounded.
Edmund hits you with a +2 flail of protection!
You hit Edmund. You burn Edmund.
Edmund is moderately wounded.
You block Edmund's attack.
Edmund hits you with a +2 flail of protection!
You barely miss Edmund.
Edmund is moderately wounded.
Edmund closely misses you.
You barely miss Edmund.
Edmund is moderately wounded.
Edmund hits you with a +2 flail of protection!
You hit Edmund but do no damage.
Edmund is moderately wounded.
Edmund hits you with a +2 flail of protection!
* * * LOW HITPOINT WARNING * * *
You closely miss Edmund.
Edmund is moderately wounded.
Edmund hits you but does no damage.
You hit Edmund. You burn Edmund.
Edmund is moderately wounded.
Edmund completely misses you.
You hit Edmund but do no damage.
Edmund is moderately wounded.
Edmund hits you with a +2 flail of protection.
* * * LOW HITPOINT WARNING * * *
You hit Edmund but do no damage.
Edmund is moderately wounded.
Edmund hits you with a +2 flail of protection!
* * * LOW HITPOINT WARNING * * *
You closely miss Edmund.
Edmund is moderately wounded.
Edmund hits you with a +2 flail of protection.
You die...

####
##.(.##
.....
..... ...
... #.#
###@###
#..@..#
#.#.#.###
#.#.....#
.##
#.#...#.##
....
#........+
....
###..^####
.... ##.##
..# #.# .
#.#


You could see Edmund.

Vanquished Creatures
  Crazy Yiuf (D:2)
  An orc priest (D:3)
  A hound (D:4)
  Jessica (D:2)
  An iguana (D:4)
  3 adders
  3 gnolls (D:3)
  2 worms (D:2)
  9 orcs
  6 endoplasms
  2 giant cockroaches
  4 goblins
  5 hobgoblins
  2 jackals (D:1)
  5 quokkas
  5 ball pythons
  4 bats
  5 frilled lizards
  9 kobolds
  5 rats
74 creatures vanquished.

Notes
Turn   | Place    | Note
-------+----------+-------------------------------------------
     0 | D:1      | Oblizorion the Hill Orc Fighter began the quest for the
                  | Orb.
     0 | D:1      | Reached XP level 1. HP: 19/19 MP: 1/1
    57 | D:1      | Reached XP level 2. HP: 19/27 MP: 2/2
   304 | D:1      | Found a faded altar of an unknown god.
   720 | D:2      | Reached XP level 3. HP: 30/33 MP: 3/3
  1323 | D:2      | Found a runed translucent door.
  1324 | D:2      | Noticed Crazy Yiuf
  1329 | D:2      | Killed Crazy Yiuf
  1330 | D:2      | Reached XP level 4. HP: 40/40 MP: 4/4
  1496 | D:2      | Noticed Jessica
  1511 | D:2      | Killed Jessica
  1760 | D:2      | Reached XP level 5. HP: 42/47 MP: 5/5
  2319 | D:3      | Reached skill level 5 in Fighting
  2524 | D:3      | Found a bloodstained altar of Trog.
  3129 | D:4      | Reached skill level 5 in Armour
  3129 | D:4      | Reached XP level 6. HP: 53/56 MP: 6/6
  3730 | D:4      | Noticed Edmund
  3746 | D:4      | Slain by Edmund

Illustrated notes

Levels and vault maps discovered:
D:1:      pf_arrival_petrified_forest, layout_rooms,
          ebering_ecumenical_altar_abandoned, chequers_serial_rivers_room_a
D:2:      layout_basic, uniq_crazy_yiuf_cottage, uniq_jessica
D:3:      layout_rooms, trog_book, minmay_pentomino_pile
D:4:      layout_loops_corners, uniq_edmund

Skill      XL: |  1  2  3  4  5  6 |
---------------+-------------------+-----
Fighting       | 4 5 |  5.1
Axes           | 3 4 |  4.4
Armour         | 4 5 |  5.2
Shields        | 4 |  4.1
Dodging        | |  0.6
Stealth        | |  0.1

Action                   |  1- 3 |  4- 6 || total
-------------------------+-------+-------++-------
Melee: War axe           |    82 |    28 ||   110
       Hand axe          |       |    91 ||    91
Throw: Dart              |       |     7 ||     7
  Use: Scroll            |       |     1 ||     1
Armor: Scale mail        |    39 |    35 ||    74
Dodge: Dodged            |    38 |    44 ||    82
Block: Buckler           |    15 |    22 ||    37

Table legend: (Time is in decaauts)
 A = Elapsed time spent in this place.
 B = Non-inter-level travel time spent in this place.
 C = Inter-level travel time spent in this place.
 D = Time resting spent in this place.
 E = Time spent auto-exploring this place.
 F = Levels seen in this place.
 G = Mean time per level.
                   A        B        C        D        E       F      G
               +--------+--------+--------+--------+--------+-----+--------+
         Total |   3799 |   3686 |    113 |   1321 |   1521 |   4 |  949.8 |
       Dungeon |   3799 |   3686 |    113 |   1321 |   1521 |   4 |  949.8 |
               +--------+--------+--------+--------+--------+-----+--------+

Top non-repeatable levels by time:
     D:2: 1263 daAuts
     D:3: 1181 daAuts
     D:1: 724 daAuts
     D:4: 630 daAuts
